 Dungeon Crawl Stone Soup version 0.22.2-1-ge965b3aba3 (webtiles) character file.

373 BryzzWind the Ruffian (level 6, -2/59 HPs)
             Began as a Troll Fighter on Dec 5, 2018.
             Slain by an orc priest
             ... wielding a +0 club
              (4 damage)
             ... on level 4 of the Dungeon on Oct 23, 2019.
             The game lasted 00:08:20 (2726 turns).

BryzzWind the Ruffian (Troll Fighter)               Turns: 2726, Time: 00:08:21

Health: -2/59      AC:  5    Str: 25    XL:     6   Next: 43%
Magic:  5/5        EV:  8    Int:  4    God:
Gold:   122        SH:  9    Dex: 11    Spells: 5/5 levels left

rFire    . . .     SeeInvis .     - Unarmed
rCold    . . .     Gourm    +   b - +0 shield
rNeg     . . .     Faith    .   a - +0 robe
rPois    .         Spirit   .   (helmet restricted)
rElec    .         Reflect  .   (no cloak)
rCorr    .         Harm     .   (gloves unavailable)
MR       .....                  (boots unavailable)
Stlth    +.........             (no amulet)
HPRegen  0.59/turn              h - ring of wizardry
MPRegen  0.09/turn              (no ring)

@: drained
A: large, unfitting armour, claws 3, fast metabolism 3, gourmand, regeneration
1, shaggy fur 1, tough skin 2
a: no special abilities


You were on level 4 of the Dungeon.
You were completely stuffed.

You visited 1 branch of the dungeon, and saw 4 of its levels.

You collected 122 gold pieces.

Inventory:

Missiles
 g - 127 stones (quivered)
 j - 37 arrows
Armour
 a - a +0 robe (worn)
 b - a +0 shield (worn)
Jewellery
 h - a ring of wizardry (left claw)
Wands
 q - a wand of polymorph (8)
Scrolls
 e - a scroll of magic mapping {unknown}
 f - a scroll of fear {unknown}
 i - 3 scrolls of teleportation {unknown}
 k - 2 scrolls of identify {unknown}
 l - a scroll of remove curse {unknown}
 m - a scroll of noise {unknown}
 n - a scroll of amnesia {unknown}
 p - a scroll of fog {unknown}
Potions
 c - 2 potions of might
 r - a potion of lignification {unknown}
Comestibles
 d - 7 rations


   Skills:
 - Level 2.4(2.0) Fighting
 - Level 2.4(2.0) Dodging
 * Level 4.6(4.1) Shields
 * Level 5.0(4.6) Unarmed Combat


You had 5 spell levels left.
You didn't know any spells.
Your spell library contained the following spells:

 Spells                   Type           Power        Failure   Level  Hunger
 Confusing Touch          Hex            #.....       52%         1    ##.....
 Confuse                  Hex            #.......     86%         3    ####...
 Gell's Gravitas          Tloc           #.........   86%         3    ####...
 Petrify                  Tmut/Erth      #.......     99%         4    #####..
 Metabolic Englaciation   Hex/Ice        #.........   100%        5    ######.
 Yara's Violent Unravell  Hex/Tmut       #.........   100%        5    ######.


Dungeon Overview and Level Annotations

Branches:
Dungeon (4/15)
 Temple: D:4-7

Altars:
Ashenzari
Dithmenos
Kikubaaqudgha
Uskayaw
Vehumet

Portals:
Ossuary: D:4


Innate Abilities, Weirdness & Mutations

You are too large for most types of armour.
You have claws for hands.
Your metabolism is lightning-fast.
You like to eat raw meat.
Your natural rate of healing is unusually fast.
You are covered in fur. (AC +1)
You have very tough skin. (AC +2)


Message History

The iguana bites you. You block the orc priest's attack. The iguana bites you.
The orc hits you but does no damage. The orc priest hits you with a club.
* * * LOW HITPOINT WARNING * * *
The iguana bites you.
* * * LOW HITPOINT WARNING * * *
The orc barely misses you. You block the orc priest's attack.
You block the iguana's attack. You block the orc's attack.
The orc priest hits you but does no damage.
The iguana closely misses you. The orc hits you with a club.
* * * LOW HITPOINT WARNING * * *
The orc priest calls down the wrath of Beogh upon you.
Beogh smites you!
* * * LOW HITPOINT WARNING * * *
You block the iguana's attack. The orc barely misses you.
The orc priest hits you with a club.
You die...

#. .# .... #.#.# ###
#.o# #.#.# l<### ##..
#.#.# .... ... #.#.#
..# #.#### #.#.# #.#
#.##.## #.#.#
#.####....o####.<.#
#..)).....l@).....#
#.....######.##o..8...#
........# #.##........#
###.##### #.###8.∩.8.##
... #.# #......# ...
..# #..8..## .# ###
####.## . .#


You could see an iguana, an orc priest and an orc.

Vanquished Creatures
  A hound (D:3)
  2 orc wizards (D:4)
  Natasha (thrice) (D:3)
  Robin (D:3)
  A gnoll (D:2)
  6 adders
  A howler monkey skeleton (D:3)
  An ooze (D:3)
  3 worms
  3 dart slugs (D:1)
  5 leopard geckos
  7 orcs
  A bat zombie (D:3)
  3 giant cockroaches
  16 goblins
  7 hobgoblins
  4 jackals
  10 kobolds
  A quokka (D:3)
  3 ball pythons
  14 bats
  7 frilled lizards
  9 rats
  A rat zombie (D:3)
110 creatures vanquished.

Notes
Turn   | Place    | Note
-------+----------+-------------------------------------------
     0 | D:1      | BryzzWind the Troll Fighter began the quest for the Orb.
     0 | D:1      | Reached XP level 1. HP: 22/22 MP: 0/0
   156 | D:1      | Reached XP level 2. HP: 29/29 MP: 1/1
   416 | D:1      | Reached XP level 3. HP: 36/36 MP: 2/2
   671 | D:2      | Reached skill level 3 in Unarmed Combat
   942 | D:2      | Found a faded altar of an unknown god.
   967 | D:2      | Reached XP level 4. HP: 5/44 MP: 3/3
  1825 | D:3      | Noticed Natasha
  1839 | D:3      | Killed Natasha
  1839 | D:3      | Reached XP level 5. HP: 23/50 MP: 4/4
  1862 | D:3      | Noticed Natasha
  1864 | D:3      | Reached skill level 4 in Unarmed Combat
  1873 | D:3      | Killed Natasha
  2042 | D:3      | Found a radiant altar of Vehumet.
  2042 | D:3      | Found a hide-covered altar of Uskayaw.
  2054 | D:3      | Noticed Natasha
  2059 | D:3      | Killed Natasha
  2095 | D:3      | Found a shadowy altar of Dithmenos.
  2175 | D:3      | Reached XP level 6. HP: 59/59 MP: 5/5
  2243 | D:3      | Found a shattered altar of Ashenzari.
  2374 | D:3      | Found an ancient bone altar of Kikubaaqudgha.
  2474 | D:3      | Noticed Robin
  2479 | D:3      | Killed Robin
  2667 | D:4      | Found a sand-covered staircase.
  2668 | D:4      | Upgraded the game from 0.22.1-2-g9c5b331 to
                  | 0.22.2-1-ge965b3aba3
  2701 | D:4      | Reached skill level 5 in Unarmed Combat
  2725 | D:4      | HP: 1/59 [orc priest/divine providence (8)]
  2726 | D:4      | Slain by an orc priest

Skill      XL: |  1  2  3  4  5  6 |
---------------+-------------------+-----
Shields        | 3 4 |  4.6
Unarmed Combat | 3 4 5 |  5.0
Fighting       | |  2.4
Dodging        | |  2.4

Action                   |  1- 3 |  4- 6 || total
-------------------------+-------+-------++-------
Melee: Unarmed           |   150 |   226 ||   376
 Stab: Sleeping          |     1 |     1 ||     2
  Eat: Chunk             |    14 |    17 ||    31
Armor: Robe              |    73 |    52 ||   125
Dodge: Dodged            |    59 |    78 ||   137
Block: Shield            |    94 |   126 ||   220
